 Dungeon Crawl Stone Soup version 0.17-a0-1882-g750edc8 (webtiles) character file.

58 barthelm the Skirmisher (level 4, -7/29 HPs)
             Began as a Gargoyle Berserker on Sept 22, 2015.
             Was a Believer of Trog.
             Mangled by a worm (8 damage)
             ... on level 2 of the Dungeon.
             The game lasted 00:03:36 (1310 turns).

barthelm the Skirmisher (Gargoyle Berserker)        Turns: 1310, Time: 00:03:36

Health: -7/29      AC:  5    Str: 22    XL:     4   Next: 2%
Magic:  4/4        EV: 12    Int:  7    God:    Trog [**....]
Gold:   82         SH:  0    Dex:  9    Spells: 0 memorised, 3 levels left

rFire  . . .     SeeInvis .     a - +0 mace
rCold  . . .     Clarity  .     b - +0 animal skin
rNeg   + . .     SustAt   .     (no shield)
rPois  ∞         Gourm    .     (no helmet)
rElec  +         Spirit   .     (no cloak)
rCorr  .         Warding  .     (no gloves)
rMut   .         Stasis   .     (no boots)
MR     .....                    (no amulet)
Stlth  +.........               (no ring)
                                (no ring)

@: exhausted, slowed, very slow, not resistant to hostile enchantments, very
unstealthy
A: negative energy resistance 1, electricity resistance, unbreathing,
petrification resistance, rot immunity, AC +3
a: Burn Spellbooks, Berserk, Trog's Hand, Renounce Religion


You were on level 2 of the Dungeon.
You worshipped Trog.
Trog was pleased with you.
You were very hungry.

You visited 1 branch of the dungeon, and saw 2 of its levels.

You collected 82 gold pieces.

Inventory:

Hand weapons
 a - a +0 mace (weapon)
Armour
 b - a +0 animal skin (worn)
Jewellery
 j - an uncursed amulet of warding {unknown}
Scrolls
 g - 2 scrolls of fear
 i - a scroll of enchant weapon {unknown}
 k - a scroll of teleportation {unknown}
 l - 3 scrolls of identify {unknown}
 o - a scroll of fog {unknown}
Potions
 d - 2 potions of curing {unknown}
 e - 2 potions of mutation {unknown}
 f - 2 potions of agility {unknown}
 m - 3 potions of heal wounds {unknown}
 n - a potion of magic {unknown}
 p - a potion of might {unknown}
 q - a potion of lignification {unknown}
 r - a potion of flight {unknown}
Comestibles
 c - 2 bread rations
 h - a fruit
 s - 4 chunks of flesh


   Skills:
 + Level 3.7 Fighting
 + Level 3.4 Maces & Flails
 + Level 2.3 Armour
 + Level 2.6 Dodging


You had 3 spell levels left.
You didn't know any spells.

Dungeon Overview and Level Annotations

Branches:
Dungeon (2/15)

Altars:


Innate Abilities, Weirdness & Mutations

You are resistant to torment.
Your stone body is resilient (AC +3).
You are immune to poison.
You resist negative energy.
You are resistant to electric shocks.
You can survive without breathing.
You are immune to petrification.
You are immune to rotting.


Message History

You hit the worm.
The worm is moderately wounded.
The worm closely misses you.
You hit the worm.
The worm is moderately wounded.
The worm bites you!
* * * LOW HITPOINT WARNING * * *
You are too injured to fight recklessly!
You are too injured to fight recklessly!
You sock the worm!
The worm is severely wounded.
The worm bites you.
* * * LOW HITPOINT WARNING * * *
You hit the worm.
The worm is severely wounded.
The worm closely misses you.
You hit the worm.
The worm is almost dead.
The worm bites you!
You die...

..............######
............#......#
............#......#
#.....[....#......#
#..........#......#
#..........#......#
##....#.#......##
######.##.#.#........
#...@...#.#.#......##
#..w..).#.#.#......##
#.......#<#'#........
.......)..#...(........
...........#............
...........#............
...........#............
...........#....####'###
#....####.#


You could see a worm.

Vanquished Creatures
  An adder (D:2)
  2 oozes
  4 bats
  2 giant cockroaches (D:1)
  6 hobgoblins
  4 jackals (D:1)
  A quokka (D:2)
  A ball python (D:1)
  7 giant newts
  4 goblins
  6 kobolds
  3 rats
41 creatures vanquished.

Notes
Turn   | Place    | Note
--------------------------------------------------------------
     0 | D:1      | barthelm the Gargoyle Berserker began the quest for the Orb.
     0 | D:1      | Reached XP level 1. HP: 14/14 MP: 1/1
   293 | D:1      | Reached XP level 2. HP: 2/19 MP: 2/2
   803 | D:1      | Reached XP level 3. HP: 19/24 MP: 3/3
   896 | D:2      | Acquired Trog's second power
  1259 | D:2      | Reached XP level 4. HP: 13/29 MP: 4/4
  1308 | D:2      | HP: 1/29 [worm (5)]
  1310 | D:2      | Mangled by a worm

Vault maps used:
D:1:      dpeg_arrival_windows_large_door

Action                   |  1- 3 |  4- 6 || total
-------------------------+-------+-------++-------
Melee: Mace              |   152 |     9 ||   161
Invok: Berserk           |       |     1 ||     1
  Use: Scroll            |     1 |       ||     1
 Stab: Sleeping          |     3 |       ||     3
  Eat: Chunk             |     1 |       ||     1
